cohdb
Replays
Latest Replays
All Replays
Popular Replays
Top Player Replays
Match Explorer
How It Works
Community
CoH3 Stats
Reddit
Sign in to upload your games and track your stats! →
Sign in with Steam
Match 35541293
Unlisted
Match 35541293
Overview
Messages
Build Orders
End
250 Light Carrier
Selects Italian Infantry
Panzergrenadier Squad
Panzergrenadier Squad
Construct Light Support Kompanie
Selects Defensive Operations
2.5-tonne Medical Truck
Construct Mechanized Kompanie
8 Rad Armored Car
Selects Prepared Positions
Panzergrenadier Squad
254 Reconnaissance Tractor
Tungsten Core Ammunition
2.5-tonne Medical Truck
Advanced Field Repairs
Veteran Squad Leaders
DoMxNightM4rE
Sanchorus
ЦеНеФуфел
DibbeTC
Mad Mac
Pacific
0
0
Comments
sign in to comment!
No comments posted yet!